 Dungeon Crawl Stone Soup version 0.24-a0-201-gf205589 (webtiles) character file.

Game seed: 16071156565384712675

9580 Azzok the Arsonist (level 11, -9/61 HPs)
             Began as an Octopode Fire Elementalist on Mar 21, 2019.
             Was a Believer of Vehumet.
             Shot with an arrow by a centaur (10 damage)
             ... on level 12 of the Dungeon.
             The game lasted 00:25:39 (15579 turns).

Azzok the Arsonist (Octopode Fire Elementalist)    Turns: 15579, Time: 00:25:41

Health: -9/61      AC:  3    Str:  7    XL:     11   Next: 48%
Magic:  8/24       EV: 13    Int: 26    God:    Vehumet [**....]
Gold:   475        SH:  0    Dex: 12    Spells: 15/28 levels left

rFire    . . .     SeeInvis .   w - staff of energy
rCold    . . .     Gourm    .   (no shield)
rNeg     + . .     Faith    .   x - +2 hat
rPois    .         Spirit   .   D - amulet of magic regeneration
rElec    .         Reflect  .   i - ring of positive energy
rCorr    .         Harm     .   B - ring of flight
MR       .....                  v - +4 ring of intelligence
Stlth    +++.......             (no ring)
HPRegen  0.20/turn              (no ring)
MPRegen  0.44/turn              (no ring)
                                (no ring)
                                (no ring)

@: no status effects
A: almost no armour, stealthy swim, amphibious, 8 rings, constrict 8, camouflage
1, gelatinous body 1
a: Renounce Religion, Evoke Flight


You were on level 12 of the Dungeon.
You worshipped Vehumet.
Vehumet was pleased with you.
You were not hungry.

You visited 2 branches of the dungeon, and saw 14 of its levels.

You collected 862 gold pieces.
You spent 387 gold pieces at shops.

Inventory:

Hand Weapons
 t - a +3 dagger of pain
Missiles
 A - a throwing net (quivered)
Armour
 x - a +2 hat (worn)
Magical Staves
 w - an uncursed staff of energy (weapon)
Jewellery
 i - a ring of positive energy (left tentacle)
 v - a +4 ring of intelligence (on tentacle)
 B - a ring of flight (right tentacle)
 D - an amulet of magic regeneration (around mantle)
 G - a +2 amulet of reflection {unknown}
Wands
 r - a wand of iceblast (8)
 s - a wand of enslavement (10)
 E - a wand of acid (6)
Scrolls
 f - a scroll of immolation
 h - 2 scrolls of enchant armour
 m - 5 scrolls of remove curse
 o - 2 scrolls of amnesia
 p - 3 scrolls of blinking
 q - 4 scrolls of enchant weapon
 u - a scroll of fear
 z - a scroll of fog {unknown}
 C - 2 scrolls of noise {unknown}
Potions
 c - 2 potions of invisibility
 d - a potion of agility
 e - a potion of berserk rage
 g - 5 potions of lignification
 j - a potion of curing
 k - a potion of cancellation
 n - a potion of might
 H - a potion of mutation {unknown}
Comestibles
 b - 29 rations


   Skills:
 - Level 2.0 Dodging
 - Level 2.6 Stealth
 + Level 9.4 Spellcasting
 + Level 10.0 Conjurations
 + Level 10.4 Fire Magic
 + Level 4.4 Evocations


You had 15 spell levels left.
You knew the following spells:

 Your Spells              Type           Power        Failure   Level  Hunger
a - Flame Tongue          Conj/Fire      #####        1%          1    None
b - Conjure Flame         Conj/Fire      ######..     1%          3    None
c - Sticky Flame          Conj/Fire      ######..     1%          4    None
d - Fireball              Conj/Fire      ######....   1%          5    None

Your spell library contained the following spells:

 Spells                   Type           Power        Failure   Level  Hunger
 Freeze                   Ice            ##..         4%          1    None
 Throw Flame              Conj/Fire      ######       1%          2    None
 Inner Flame              Hex/Fire       #####...     1%          3    None
 Stone Arrow              Conj/Erth      #####.       1%          3    None
 Sandblast                Erth           ##....       4%          1    None
 Passwall                 Tmut/Erth      ##......     8%          2    None
 Petrify                  Tmut/Erth      ##......     43%         4    None
 Lee's Rapid Deconstruct  Erth           ##........   80%         5    None


Dungeon Overview and Level Annotations

Branches:
Dungeon (13/15)            Temple (1/1) D:4
   Lair: D:8-11         Orc: D:9-12      Vaults: D:13-14

Altars:
Ashenzari
Cheibriados
Dithmenos
Elyvilon
Fedhas
Gozag
Hepliaklqana
Kikubaaqudgha
Makhleb
Nemelex Xobeh
Okawaru
Qazlal
Ru
Sif Muna
Trog
Uskayaw
Vehumet
Wu Jian
Xom
Yredelemnul
Zin
The Shining One

Shops:
D:5 *(%?   D:9 }

Portals:
Ice
Cave: D:12

Annotations:
D:7 1 runed translucent door, zero's ghost, novice GrBe


Innate Abilities, Weirdness & Mutations

You cannot wear most types of armour.
You are very stealthy in the water. (Stealth+)
You are amphibious.
You can wear up to eight rings at the same time.
You can use your tentacles to constrict eight enemies at once.
Your skin changes colour to match your surroundings (Stealth+).
Your rubbery body absorbs attacks. (AC +1, EV +1)


Message History

The centaur shoots an arrow.
The arrow misses you. The centaur warrior zombie hits you. x2
The centaur shouts!
You see here an arrow.
A centaur comes into view.
The centaur shouts!
Vehumet accepts your kill.
You feel a bit more experienced.
The centaur wields a +0 shortbow.
The centaur shoots an arrow.
The arrow hits you! The centaur warrior zombie hits you.
* * * LOW HITPOINT WARNING * * *
The centaur shoots an arrow.
The arrow barely misses you.
The centaur shoots an arrow.
The arrow hits you!
* * * LOW HITPOINT WARNING * * *
You see here an arrow.
The centaur wields a +0 shortbow.
The centaur shoots an arrow.
The arrow hits you!
* * * LOW HITPOINT WARNING * * *
The centaur shoots an arrow.
The arrow hits you!
You die...

░░░░░░░◦◦◦◦◦◦◦◦◦◦◦░░◦░░░◦◦◦◦◦◦◦◦◦
░◦░◦◦◦◦◦░··◦◦◦◦◦▒··▒░░░▒▒····◦◦◦◦
◦◦◦◦◦◦◦◦░≈··◦◦◦≈▒··▒ ░·▒····◦◦◦◦
░◦◦◦◦◦◦◦░≈≈··≈≈≈▒··▒ ░······◦◦◦◦
░░░◦◦◦◦◦░░▒▒·▒▒▒▒··▒▒▒▒······◦◦◦◦
░◦◦◦◦◦◦◦░▒··········▒·······◦░◦◦
░░◦◦◦◦◦◦◦▒▒▒··(··(·········▒◦◦◦◦◦
◦◦◦◦◦◦◦◦◦▒·················▒·░◦◦◦
◦◦◦◦◦◦◦◦◦·······@Z···········◦◦◦░
░◦◦◦◦◦◦◦◦▒········Z(··z······◦◦░░
░◦◦◦░░░◦░▒···▒····(····z·····◦◦◦░
░░◦◦░░░◦◦▒··◦▒·▒·············◦◦◦◦
░░◦◦◦░<◦░▒░░▒··▒····c····▒z▒·◦<◦◦
░◦◦◦◦◦◦◦◦◦◦░▒········cc···z··◦◦◦◦
░◦◦░◦◦◦◦◦◦◦◦▒············▒·▒·◦◦◦◦
░◦░░◦◦◦◦◦◦◦············c····◦◦◦◦◦
◦◦░◦◦◦◦◦◦◦◦···H·········c···◦◦◦◦◦


You could see 4 centaurs, 2 wights and 2 centaur warrior zombies.

Vanquished Creatures
  Erolcha (D:11)
  A cyclops (D:8)
  A manticore (D:11)
  A komodo dragon (D:11)
  A troll (D:9)
  A polar bear (D:12)
  Grinder (D:4)
  A hippogriff (D:7)
  Sigmund (D:4)
  A wraith (D:10)
  9 yaks
  A wyvern (D:11)
  A hungry ghost (D:8)
  6 orc warriors
  5 ice beasts
  4 phantoms
  A black bear (D:11)
  A necrophage (D:11)
  3 centaurs
  4 ogres
  A wyvern zombie (D:9)
  2 big kobolds
  6 bullfrogs
  A wyvern skeleton (D:12)
  11 killer bees
  5 wights (D:11)
  A howler monkey (D:5)
  2 crimson imps
  A centaur zombie (D:5)
  6 hounds
  5 jellies
  A gnoll shaman (D:6)
  9 orc priests
  Crazy Yiuf (D:7)
  A bullfrog skeleton (D:6)
  6 iguanas
  Ijyb (D:4)
  11 orc wizards
  5 worker ants
  A worker ant zombie (D:5)
  4 adders
  9 gnolls
  2 howler monkey skeletons (D:8)
  3 shadow imps
  6 oozes
  An adder skeleton (D:8)
  2 worms (D:2)
  2 dart slugs (D:2)
  6 leopard geckos
  33 orcs
  7 giant cockroaches
  16 hobgoblins
  21 jackals
  17 kobolds
  6 quokkas
  2 ball pythons
  5 bats
  6 frilled lizards
  14 goblins
  A jackal skeleton (D:4)
  10 rats
  A fungus (D:7)
296 creatures vanquished.

Vanquished Creatures (others)
  62 fungi (D:11)
  43 plants (D:11)
105 creatures vanquished.

Grand Total: 401 creatures vanquished

Notes
Turn   | Place    | Note
-------+----------+-------------------------------------------
     0 | D:1      | Azzok the Octopode Fire Elementalist began the quest for
                  | the Orb.
     0 | D:1      | Reached XP level 1. HP: 11/11 MP: 3/3
   509 | D:1      | Reached XP level 2. HP: 17/17 MP: 5/5
  1166 | D:1      | Reached XP level 3. HP: 21/21 MP: 3/6
  2140 | D:2      | Reached XP level 4. HP: 16/27 MP: 2/8
  2933 | D:2      | Found a hide-covered altar of Uskayaw.
  3772 | D:2      | Learned a level 3 spell: Conjure Flame
  3777 | D:2      | Learned a level 4 spell: Sticky Flame
  3966 | D:3      | Reached XP level 5. HP: 31/31 MP: 6/9
  5096 | D:4      | Reached XP level 6. HP: 34/36 MP: 0/11
  5811 | D:4      | Noticed Sigmund
  5820 | D:4      | Killed Sigmund
  5820 | D:4      | Reached skill level 5 in Fire Magic
  5820 | D:4      | Reached XP level 7. HP: 39/41 MP: 4/13
  5897 | D:4      | Found a staircase to the Ecumenical Temple.
  5908 | Temple   | Entered the Ecumenical Temple
  6151 | D:4      | Found a shadowy altar of Dithmenos.
  6312 | D:4      | Found a stormy altar of Qazlal.
  6320 | D:4      | Noticed Ijyb
  6324 | D:4      | Killed Ijyb
  6798 | D:5      | Entered Level 5 of the Dungeon
  6848 | D:5      | Noticed Grinder
  6991 | D:5      | Found Peuweg's Assorted Antiques.
  7002 | D:5      | Reached skill level 5 in Conjurations
  7002 | D:5      | Reached XP level 8. HP: 46/46 MP: 12/15
  7023 | D:5      | Bought a thick jewelled staff for 264 gold pieces
  7056 | D:5      | Reached skill level 5 in Spellcasting
  7373 | D:5      | Found Ugris's Food Shop.
  7533 | D:4      | Killed Grinder
  8098 | D:5      | Found Ufirchy's Magic Scroll Shoppe.
  8107 | D:5      | Bought a scroll of teleportation for 39 gold pieces
  8313 | D:5      | Found Geeg's Weapon Emporium.
  8352 | D:5      | Found a shimmering altar of Xom.
  8550 | D:5      | Bought a scroll of fear for 45 gold pieces
  8550 | D:5      | Bought a scroll of teleportation for 39 gold pieces
  8811 | D:6      | Learned a level 5 spell: Fireball
  9126 | D:6      | Reached XP level 9. HP: 41/51 MP: 10/18
 10050 | D:7      | Found a runed translucent door.
 10051 | D:7      | Noticed Crazy Yiuf
 10057 | D:7      | Killed Crazy Yiuf
 10590 | D:7      | Found a runed translucent door.
 10590 | D:7      | Noticed zero's ghost (novice GrBe)
 11674 | D:8      | Noticed a cyclops
 11681 | D:8      | Killed a cyclops
 11681 | D:8      | Reached XP level 10. HP: 18/56 MP: 8/21
 12220 | D:8      | Found a sparkling altar of Nemelex Xobeh.
 12487 | D:9      | Found a radiant altar of Vehumet.
 12489 | D:9      | Found a snail-covered altar of Cheibriados.
 12489 | D:9      | Found a shattered altar of Ashenzari.
 12499 | D:9      | Became a worshipper of Vehumet
 12763 | D:9      | Found Fuxkai's Gadget Shop.
 13148 | D:9      | You fall through a shaft for 2 floors!
 13193 | D:11     | Noticed a red ugly thing
 13529 | D:11     | Noticed Erolcha
 13534 | D:11     | Killed Erolcha
 13534 | D:11     | Reached skill level 1 in Evocations
 13595 | D:11     | Noticed a manticore
 13608 | D:11     | Killed a manticore
 13620 | D:11     | Reached XP level 11. HP: 22/61 MP: 15/23
 13668 | D:11     | Reached * piety under Vehumet
 13668 | D:11     | Offered knowledge of Magic Dart by Vehumet.
 13739 | D:11     | Reached skill level 10 in Fire Magic
 14155 | D:10     | Entered Level 10 of the Dungeon
 14760 | D:9      | Offered knowledge of Freeze by Vehumet.
 15233 | D:10     | Reached ** piety under Vehumet
 15472 | D:10     | You fall through a shaft for 3 floors!
 15473 | D:13     | Noticed a purple ugly thing
 15476 | D:13     | Noticed a two-headed ogre
 15564 | D:12     | Reached skill level 10 in Conjurations
 15566 | D:12     | Found a frozen archway.
 15579 | D:12     | HP: 1/61 [centaur/arrow (7)]
 15579 | D:12     | Shot with an arrow by a centaur

Levels and vault maps discovered:
D:1:      dpeg_arrival_triangle_fractal, layout_basic,
          chequers_serial_rivers_small_3
D:2:      cheibrodos_greedy_goblins, layout_basic,
          eat_drink_and_be_merry_uskayaw
D:3:      layout_loops_cross
D:4:      layout_loops_corners, old_standard_altar,
          nicolae_dithmenos_the_darkroom, minmay_temple_entry_glass,
          first_ration, uniq_ijyb, uniq_sigmund
D:5:      layout_rooms, basic_altar, serial_shops, shop, shop,
          nicolae_shop_competitors_out_of_business, shop, uniq_grinder
D:6:      layout_basic
D:7:      layout_cave_pods, ebering_ghost_reflecting_pool,
          uniq_crazy_yiuf_cottage
D:8:      layout_basic, nemelex_altar_shiori
D:9:      layout_roguey, chequers_temple_overflow_statue_of_worship,
          serial_shops, shop, hangedman_little_slice_of_home
D:10:     layout_basic, david_orc_4, nicolae_trove_entry_path_of_doom
D:11:     layout_basic, due_lair_maze_entry_diamond, uniq_erolcha
D:12:     layout_cave_pools, serial_ice, serial_ice_i, serial_ice_o,
          serial_ice_n, serial_ice_f, serial_ice_m, serial_ice_b,
          portal_ice_cave_entry_ice_beasts
D:13:     layout_loops_ring, uniq_jorgrun
Temple:   regret_index_temple_generic_petals

Skill      XL: |  1  2  3  4  5  6  7  8  9 10 11 |
---------------+----------------------------------+-----
Conjurations   | 2 3 4 5 6 8 9 10 | 10.0
Spellcasting   | 3 4 6 7 8 9 |  9.4
Fire Magic     | 4 5 7 8 9 10 | 10.4
Evocations     | 2 4 |  4.4
Dodging        | |  2.0
Stealth        | |  2.6

Action                   |  1- 3 |  4- 6 |  7- 9 | 10-12 || total
-------------------------+-------+-------+-------+-------++-------
Melee: Unarmed           |    55 |    22 |       |       ||    77
       Constrict         |    11 |     6 |     3 |     2 ||    22
       Tentacles         |     5 |     3 |     1 |     3 ||    12
       Dagger            |       |       |     2 |       ||     2
       Staff             |       |       |    15 |    15 ||    30
 Cast: Flame Tongue      |    49 |   114 |   214 |   145 ||   522
       Sticky Flame      |       |     5 |    26 |    25 ||    56
       Fireball          |       |       |     2 |    47 ||    49
       Conjure Flame     |       |       |     2 |     4 ||     6
  Use: Scroll            |       |    10 |     9 |     9 ||    28
       Potion            |       |       |       |     4 ||     4
 Stab: Sleeping          |     2 |     1 |       |     1 ||     4
  Eat: Chunk             |     3 |    13 |    14 |    13 ||    43
       Ration            |       |       |     2 |       ||     2
Armor: Skin              |     4 |     2 |     2 |     7 ||    15
Dodge: Dodged            |    56 |    33 |    48 |    48 ||   185

Table legend:
 A = Non-vault XP
 B = Vault XP
 C = Vault XP percentage of total XP
 D = Non-vault monster count
 E = Vault monster count
 F = Vault count percentage of total count
                 A         B        C        D         E       F
            +---------+---------+-------+---------+---------+-------
      Total |   10292 |    3394 |  24.8 |     254 |      41 |  13.9
            +---------+---------+-------+---------+---------+-------
        D:1 |      63 |       0 |   0.0 |      37 |       0 |   0.0
        D:2 |      77 |      16 |  17.2 |      27 |       9 |  25.0
        D:3 |      29 |       0 |   0.0 |      15 |       0 |   0.0
        D:4 |     670 |     544 |  44.8 |      30 |       3 |   9.1
        D:5 |     688 |       0 |   0.0 |      23 |       0 |   0.0
        D:6 |     635 |       0 |   0.0 |      17 |       0 |   0.0
        D:7 |     626 |      40 |   6.0 |      11 |       1 |   8.3
        D:8 |    1817 |       0 |   0.0 |      26 |       0 |   0.0
        D:9 |    2612 |     164 |   5.9 |      27 |       8 |  22.9
       D:10 |     947 |     673 |  41.5 |      12 |      13 |  52.0
       D:11 |    1713 |    1416 |  45.3 |      17 |       4 |  19.0
       D:12 |     415 |     541 |  56.6 |      12 |       3 |  20.0
            +---------+---------+-------+---------+---------+-------
